 Dungeon Crawl Stone Soup version 0.22-a0-612-gd2f0174 (webtiles) character file.

3229 Amnesiac the Ducker (level 9, -13/69 HPs)
             Began as a Mummy Wizard on July 12, 2018.
             Was an Initiate of Sif Muna.
             Mangled by an ogre
             ... wielding a +0 giant spiked club
              (26 damage)
             ... on level 8 of the Dungeon.
             The game lasted 00:17:29 (8785 turns).

Amnesiac the Ducker (Mummy Wizard)                  Turns: 8785, Time: 00:17:30

Health: -13/69     AC:  7    Str: 10    XL:     9   Next: 66%
Magic:  1/15       EV: 15    Int: 21    God:    Sif Muna [......]
Gold:   548        SH:  0    Dex: 10    Spells: 2/16 levels left

rFire    . . .     SeeInvis +   b - +1 dagger (elec)
rCold    + + .     Gourm    .   (no shield)
rNeg     + + +     Faith    .   l - +2 robe {rC+ rF+}
rPois    ∞         Spirit   .   e - +0 helmet
rElec    .         Reflect  .   r - +0 cloak
rCorr    .         Harm     +   (no gloves)
MR       +....                  v - +0 pair of boots
Stlth    ++........             h - amulet of harm
HPRegen  0.21/turn              w - ring of see invisible
MPRegen  0.14/turn              (no ring)

@: very slightly contaminated
A: no food or potions, fire vulnerability, cold resistance 1, negative energy
resistance 3, torment resistance, unbreathing
a: Renounce Religion


You were on level 8 of the Dungeon.
You worshipped Sif Muna.
Sif Muna was noncommittal.
You were not hungry.

You visited 2 branches of the dungeon, and saw 9 of its levels.
You also visited: Sewer and Ossuary.

You collected 548 gold pieces.

Inventory:

Hand Weapons
 a - a +0 hunting sling
 b - a +1 dagger of electrocution (weapon)
 p - a +2 morningstar of protection
Missiles
 m - 12 sling bullets
 n - 219 stones (quivered)
 u - 4 throwing nets
Armour
 e - a +0 helmet (worn)
 l - a +2 robe of resistance (worn)
 r - a +0 cloak (worn)
 v - a +0 pair of boots (worn)
Jewellery
 h - an amulet of harm (around neck)
 w - a ring of see invisible (left hand)
Wands
 o - a wand of disintegration (6)
 s - a wand of polymorph (15)
Scrolls
 c - a scroll of fog {!r, unknown}
 d - 5 scrolls of identify {!r}
 g - a scroll of fear {!r, unknown}
 i - 4 scrolls of amnesia {!r}
 j - 2 scrolls of enchant armour {!r, unknown}
 k - 2 scrolls of remove curse {!r}
 q - 5 scrolls of teleportation {!r}


   Skills:
 - Level 6.0 Fighting
 - Level 7.0 Dodging
 - Level 1.5 Stealth
 + Level 4.0 Spellcasting
 - Level 5.0 Conjurations
 - Level 0.7 Summonings
 - Level 6.5 Necromancy
 - Level 0.7 Translocations


You had 2 spell levels left.
You knew the following spells:

 Your Spells              Type           Power        Failure   Level  Hunger
a - Throw Icicle          Conj/Ice       ##......     38%         4    N/A
b - Call Imp              Summ           #.......     14%         2    N/A
e - Mephitic Cloud        Conj/Pois/Air  ##......     19%         3    N/A
s - Conjure Flame         Conj/Fire      ##......     13%         3    N/A
v - Blink                 Tloc           N/A          14%         2    N/A

Your spell library contained the following spells:

 Spells                   Type           Power        Failure   Level  Hunger
 Magic Dart               Conj           ####         1%          1    N/A
 Slow                     Hex            #.......     19%         2    N/A
 Throw Frost              Conj/Ice       ##....       6%          2    N/A
 Animate Dead             Necr           N/A          9%          4    N/A
 Pain                     Necr           ####         1%          1    N/A
 Animate Skeleton         Necr           N/A          1%          1    N/A
 Vampiric Draining        Necr           ####......   2%          3    N/A
 Freeze                   Ice            #...         12%         1    N/A
 Summon Ice Beast         Ice/Summ       #.......     71%         4    N/A
 Ozocubu's Armour         Chrm/Ice       #.......     34%         3    N/A
 Dispel Undead            Necr           ####....     22%         5    N/A
 Corpse Rot               Necr           N/A          1%          2    N/A
 Agony                    Necr           ####....     22%         5    N/A
 Death Channel            Necr           ####......   77%         6    N/A
 Excruciating Wounds      Chrm/Necr      ###.......   65%         5    N/A

Dungeon Overview and Level Annotations

Branches:
Dungeon (8/15)             Temple (1/1) D:4
   Lair: D:8-11

Altars:
Ashenzari
Cheibriados
Dithmenos
Elyvilon
Gozag
Hepliaklqana
Kikubaaqudgha
Makhleb
Nemelex Xobeh
Okawaru
Qazlal
Ru
Sif Muna
Trog
Uskayaw
Vehumet
Wu Jian
Xom
Yredelemnul
Zin
The Shining One

Annotations:
D:4 1 runed door, Mgcat's ghost, amateur BaFi
D:8 2 transporters


Innate Abilities, Weirdness & Mutations

You do not eat or drink.
Your flesh is vulnerable to fire.
You are immune to poison.
Your flesh is cold resistant. (rC+)
You are immune to negative energy. (rN+++)
You are immune to unholy pain and torment.
You can survive without breathing.


Message History

You resist. Heat is drained from your body!
Casting: Throw Icicle (quite dangerous; 38% risk of failure)
Confirm with . or Enter, or press ? or * to list all spells.
Aiming: Throw Icicle (quite dangerous; 38% risk of failure)
Press: ? - help, Shift-Dir - straight line, f/p - ogre
Aim: an ogre, wielding a giant spiked club The shard of ice hits the ogre.
The ogre is severely wounded.
The orc priest suddenly grunts.
Casting: Throw Icicle (quite dangerous; 38% risk of failure)
Confirm with . or Enter, or press ? or * to list all spells.
You don't have enough magic to cast that spell.
Casting: Throw Icicle (quite dangerous; 38% risk of failure)
Confirm with . or Enter, or press ? or * to list all spells.
You don't have enough magic to cast that spell.
Casting: Throw Icicle (quite dangerous; 38% risk of failure)
Confirm with . or Enter, or press ? or * to list all spells.
You don't have enough magic to cast that spell.
The orc wizard gestures wildly while chanting.
The orc wizard blinks!
Found 5 gold pieces.
The orc wizard hits you but does no damage.
Found a stone staircase leading down.
There is an open door here.
You barely miss the orc wizard.
The orc wizard is lightly wounded.
The orc wizard points at you and mumbles some strange words.
The magic dart hits you!
You closely miss the orc wizard.
The orc wizard is lightly wounded.
The orc wizard gestures wildly while chanting.
The orc wizard blinks!
There is an open door here.
There is a stone staircase leading up here.
You swing at nothing.
You swing at nothing.
You swing at nothing.
Casting: Throw Icicle (quite dangerous; 38% risk of failure)
Confirm with . or Enter, or press ? or * to list all spells.
Aiming: Throw Icicle (quite dangerous; 38% risk of failure)
Press: ? - help, Shift-Dir - straight line, f/p - ogre
Aim: an ogre, wielding a giant spiked club (heavily wounded)
The shard of ice hits the ogre.
The ogre is almost dead.
The ogre misses you.
Unknown command.
You barely miss the ogre.
The ogre is almost dead.
The ogre barely misses you.
You hit the ogre.
The ogre is almost dead.
The orc wizard mumbles some strange words.
The orc wizard seems to speed up.
You hit the ogre but do no damage.
The ogre is almost dead.
The ogre hits you with a giant spiked club!!
* * * LOW HITPOINT WARNING * * *
An orc warrior comes into view. It is wielding a dire flail.
The orc warrior shouts!
You hit the ogre.
The ogre is almost dead.
You hear a shout!
The ogre hits you with a giant spiked club!!
You die...

............>...
#+###.............. #..
....#.............. #####..
....#.....#'############.....####
....#.....#............#.....#...
....#.....#............#.....#...
....#....O#.....o......#.....#...
###.....©.%)..##O##....#.....#'##
....#########.##@##....#........#
....#8P$©$P8#..))......#........#
....#≈.?.(.≈#..........#........#
....####+####..........#........+
....#5≈...≈o#.#####..#.o........#
###.#5≈...≈o#.## #..############
....#o≈P≈≈≈5#..# ....# ....
....#o≈≈⌠P≈K#..+ .....# ....
....#.≈≈≈≈≈.#..#......# ....


You could see a kobold demonologist, an orc warrior, an ogre, 2 orc priests, an
orc wizard and a shadow imp.

Vanquished Creatures
  A two-headed ogre (D:8)
  Grinder (D:5)
  Eustachio (D:5)
  An orc warrior (D:7)
  A sky beast (D:7)
  4 ogres
  A crocodile (Sewer)
  A big kobold (D:7)
  A bullfrog (D:7)
  A water moccasin skeleton (D:7)
  3 scorpions
  3 wights (D:7)
  2 howler monkeys (D:7)
  2 crimson imps
  4 centaur zombies (Ossuary)
  3 jellies (D:5)
  2 hounds
  3 orc priests
  A centaur skeleton (D:6)
  3 orc wizards
  4 iguanas
  3 worker ants
  4 big kobold zombies (Ossuary)
  A hound skeleton (D:5)
  A hound zombie (D:7)
  4 mummies (Ossuary)
  2 worker ant zombies
  7 adders
  A river rat (D:4)
  3 shadow imps
  An ooze (D:5)
  An adder zombie (D:8)
  4 worms
  3 dart slugs
  6 leopard geckos
  17 orcs
  7 bats
  6 giant cockroaches
  6 hobgoblins
  6 jackals
  4 quokkas
  3 frilled lizards
  A giant cockroach zombie (D:5)
  12 goblins
  A hobgoblin zombie (Ossuary)
  A jackal zombie (D:7)
  29 kobolds
  6 rats
  18 plants (D:7)
201 creatures vanquished.

Notes
Turn   | Place    | Note
-------+----------+-------------------------------------------
     0 | D:1      | Amnesiac the Mummy Wizard began the quest for the Orb.
     0 | D:1      | Reached XP level 1. HP: 13/13 MP: 5/5
    62 | D:1      | Reached skill level 1 in Conjurations
   225 | D:1      | Reached skill level 1 in Fighting
   272 | D:1      | Reached XP level 2. HP: 21/21 MP: 1/7
   316 | D:1      | Learned a level 2 spell: Call Imp
   792 | D:3      | Reached XP level 3. HP: 24/26 MP: 0/8
   797 | D:3      | Learned a level 3 spell: Conjure Flame
   801 | D:3      | Learned a level 3 spell: Mephitic Cloud
  1141 | D:4      | Found a runed door.
  1145 | D:4      | Noticed Mgcat's ghost (amateur BaFi)
  1301 | D:4      | Found a glowing drain.
  1397 | D:4      | Noticed an ogre
  1430 | Sewer    | Entered a sewer
  1596 | Sewer    | Noticed a crocodile
  1645 | Sewer    | Killed a crocodile
  1645 | Sewer    | Reached XP level 4. HP: 8/32 MP: 3/10
  1645 | Sewer    | Reached XP level 5. HP: 9/37 MP: 3/11
  1998 | D:4      | Found a staircase to the Ecumenical Temple.
  2007 | Temple   | Entered the Ecumenical Temple
  2160 | Temple   | Became a worshipper of Kikubaaqudgha
  2202 | D:3      | Learned a level 2 spell: Blink
  2971 | D:2      | Reached skill level 2 in Dodging
  3543 | D:3      | Reached XP level 6. HP: 40/44 MP: 0/12
  4307 | D:4      | Reached skill level 3 in Dodging
  4420 | D:4      | Reached XP level 7. HP: 37/51 MP: 0/13
  4799 | D:5      | Entered Level 5 of the Dungeon
  4897 | D:5      | Reached * piety under Kikubaaqudgha
  4897 | D:5      | Identified Kikubaaqudgha's Collected Works on Black Secrets (Kikubaaqudgha gifted it to you on level 5 of the Dungeon)
  4897 | D:5      | Received a gift from Kikubaaqudgha
  5049 | D:5      | Reached skill level 4 in Dodging
  5248 | D:5      | Noticed Eustachio
  5260 | D:5      | Killed Eustachio
  5260 | D:5      | Reached skill level 5 in Conjurations
  5378 | D:5      | Reached XP level 8. HP: 35/60 MP: 3/14
  5396 | D:5      | Noticed Grinder
  5405 | D:5      | Killed Grinder
  5405 | D:5      | Reached skill level 5 in Dodging
  5456 | D:5      | Found a radiant altar of Vehumet.
  5786 | D:6      | Found a sparkling altar of Nemelex Xobeh.
  5933 | D:6      | Reached skill level 1 in Necromancy
  6189 | D:7      | Reached skill level 5 in Fighting
  6201 | D:7      | You fall through a shaft!
  6204 | D:8      | Found a sand-covered staircase.
  6236 | Ossuary  | Entered an ossuary
  6262 | Ossuary  | Reached skill level 6 in Dodging
  6564 | Ossuary  | Reached ** piety under Kikubaaqudgha
  7117 | D:7      | Reached XP level 9. HP: 64/68 MP: 11/15
  7468 | D:7      | Reached skill level 7 in Dodging
  7480 | D:7      | Found a shattered altar of Ashenzari.
  7671 | D:7      | Reached *** piety under Kikubaaqudgha
  7671 | D:7      | Identified Kikubaaqudgha's Reference Book on Black Arts (Kikubaaqudgha gifted it to you on level 7 of the Dungeon)
  7671 | D:7      | Received a gift from Kikubaaqudgha
  7685 | D:7      | Fell from the grace of Kikubaaqudgha
  7778 | Temple   | Became a worshipper of Sif Muna the Loreminder
  8611 | D:8      | Noticed a kobold demonologist
  8632 | D:8      | Learned a level 4 spell: Throw Icicle
  8645 | D:8      | Found a transporter.
  8645 | D:8      | Noticed a kobold demonologist
  8654 | D:8      | Noticed a two-headed ogre
  8701 | D:8      | Found a transporter.
  8708 | D:8      | Noticed a two-headed ogre
  8761 | D:8      | Killed a two-headed ogre
  8785 | D:8      | Mangled by an ogre

Vault maps used:
D:1:      lightli_arrival_maybe_door_vault
D:2:      first_ration
D:4:      wad_crossroads, minmay_temple_entry_mist, gup_sewer_entry_bowl,
          ebering_ghost_sewer_d
D:5:      basic_altar, kennysheep_generic_room_6, uniq_grinder, uniq_eustachio
D:6:      basic_altar, grunt_decor_arrowhead
D:7:      kennysheep_kobold_camp, marbit_many_paths
D:8:      gammafunk_wand_slinger, enter_ossuary_5, uniq_joseph
Temple:   regret_index_temple_chain_breaker
Sewer:    sewer_the_crocodile
Ossuary:  ossuary_the_hunt_dpeg

Skill      XL: |  1  2  3  4  5  6  7  8  9 |
---------------+----------------------------+-----
Conjurations   | 1 2 3 4 5 |  5.0
Fighting       | 1 2 4 5 6 |  6.0
Dodging        | 2 3 4 6 7 |  7.0
Necromancy     | 2 6 |  6.5
Stealth        | |  1.5
Spellcasting   | |  4.0
Summonings     | |  0.7
Translocations | |  0.7

Action                   |  1- 3 |  4- 6 |  7- 9 || total
-------------------------+-------+-------+-------++-------
Melee: Unarmed           |     9 |       |       ||     9
       Short sword       |    18 |     9 |       ||    27
       Dagger            |       |       |   209 ||   209
 Fire: Hunting sling     |       |       |   324 ||   324
 Cast: Magic Dart        |    95 |   154 |   139 ||   388
       Call Imp          |     2 |       |       ||     2
       Conjure Flame     |     2 |       |    10 ||    12
       Mephitic Cloud    |     1 |     1 |     3 ||     5
       Throw Icicle      |       |       |     2 ||     2
       Blink             |       |       |     1 ||     1
Invok: Renounce Religion |       |       |     1 ||     1
Evoke: Wand              |       |       |     1 ||     1
  Use: Scroll            |       |       |     5 ||     5
 Stab: Sleeping          |       |     1 |       ||     1
Armor: Robe              |    18 |     6 |    30 ||    54
       Leather armour    |       |       |    32 ||    32
Dodge: Dodged            |    44 |    25 |   180 ||   249

Table legend:
 A = Spawn XP
 B = Non-spawn XP
 C = Spawn XP percentage of total XP
 D = Spawn monster count
 E = Non-spawn monster count
 F = Spawn count percentage of total count
 G = Total turns spent on level
                    A         B        C        D         E        F      G
               +---------+---------+-------+---------+---------+-------+---------
         Total |       0 |    4613 |   0.0 |       0 |     183 |   0.0 |  8785
               +---------+---------+-------+---------+---------+-------+---------
           D:1 |       0 |      49 |   0.0 |       0 |      23 |   0.0 |  1153
           D:2 |       0 |     124 |   0.0 |       0 |      22 |   0.0 |  1075
           D:3 |       0 |     202 |   0.0 |       0 |      25 |   0.0 |  1009
           D:4 |       0 |     270 |   0.0 |       0 |      10 |   0.0 |  1038
           D:5 |       0 |    1004 |   0.0 |       0 |      23 |   0.0 |   780
           D:6 |       0 |     368 |   0.0 |       0 |      11 |   0.0 |   653
           D:7 |       0 |    1093 |   0.0 |       0 |      44 |   0.0 |  1675
           D:8 |       0 |    1019 |   0.0 |       0 |       6 |   0.0 |   293
         Sewer |       0 |     114 |   0.0 |       0 |       6 |   0.0 |   427
       Ossuary |       0 |     370 |   0.0 |       0 |      13 |   0.0 |   478
               +---------+---------+-------+---------+---------+-------+---------
